[ AOE2 MATCH · #484801054 ]
UnrankedMalay vs Cumans
Player's team · LOSS
Rival team · WIN
[ REPLAY ANALYSIS · EXTRACTED FROM THE RECORDED GAME ]
Feudal
8:48
Castle
19:15
Imperial
—
| APM avg | 38.6 |
| APM peak | 73 |
| eAPM avg | 19.0 |
| Villagers / military | 70 / 76 |
Focus
⚔️ 33.5% · 🌾 66.5%
Archer ×59 · Monk ×8 · Mangonel ×8 · Spearman ×1
Feudal
9:42
Castle
22:44
Imperial
—
| APM avg | 36.1 |
| APM peak | 69 |
| eAPM avg | 17.8 |
| Villagers / military | 104 / 26 |
Focus
⚔️ 23.1% · 🌾 76.9%
Knight ×23 · Mangonel ×2 · Monk ×1
Match map
Initial resources + every placement click. Lines = walls · curves = elevation contours. ◆ gold · ⬟ stone · ● berries · ✦ relic · ◌ wall gap
Your base· Open — unwalled flank
the_bisman's base· Open — unwalled flank
Smoothed initial terrain · ◌ = detected wall gap · hover for details
Inputs per minute
— SimCity2000 - - the_bisman
Build order — SimCity2000
First 150 of 233 actions detected
| 0:00 | Create | Villager (Male) |
| 0:00 | Create | Villager (Male) |
| 0:01 | Create | Villager (Male) |
| 0:02 | Build | House |
| 0:03 | Build | House |
| 0:29 | Create | Villager (Male) |
| 0:29 | Create | Villager (Male) |
| 1:31 | Create | Villager (Male) |
| 1:31 | Create | Villager (Male) |
| 2:16 | Create | Villager (Male) |
| 2:16 | Create | Villager (Male) |
| 2:16 | Create | Villager (Male) |
| 2:19 | Build | Lumber Camp |
| 2:49 | Create | Villager (Male) |
| 2:50 | Create | Villager (Male) |
| 3:01 | Create | Villager (Male) |
| 3:01 | Create | Villager (Male) |
| 3:24 | Create | Villager (Male) |
| 3:25 | Create | Villager (Male) |
| 3:33 | Build | House |
| 3:58 | Create | Villager (Male) |
| 3:58 | Create | Villager (Male) |
| 4:17 | Create | Villager (Male) |
| 4:18 | Create | Villager (Male) |
| 4:49 | Build | Mill |
| 4:55 | Create | Villager (Male) |
| 4:55 | Create | Villager (Male) |
| 5:42 | Build | House |
| 5:44 | Build | House |
| 5:48 | Build | Palisade Wall |
| 5:48 | Build | Palisade Wall |
| 5:51 | Create | Villager (Male) |
| 5:51 | Create | Villager (Male) |
| 5:52 | Create | Villager (Male) |
| 7:30 | Research | Feudal Age |
| 8:25 | Create | Villager (Male) |
| 8:25 | Create | Villager (Male) |
| 8:28 | Build | Barracks |
| 8:48 | Age | Feudal Age |
| 9:14 | Build | Archery Range |
| 9:17 | Build | Palisade Wall |
| 9:27 | Build | House |
| 9:31 | Build | Palisade Wall |
| 9:36 | Create | Villager (Male) |
| 9:53 | Create | Archer |
| 9:54 | Create | Archer |
| 10:09 | Research | Loom |
| 10:22 | Build | Mining Camp |
| 10:26 | Create | Villager (Male) |
| 10:26 | Create | Villager (Male) |
| 10:51 | Research | Double-Bit Axe |
| 11:03 | Create | Villager (Male) |
| 11:19 | Create | Archer |
| 11:20 | Create | Archer |
| 11:29 | Build | Farm |
| 11:54 | Create | Archer |
| 11:54 | Create | Archer |
| 12:18 | Create | Villager (Male) |
| 12:18 | Create | Villager (Male) |
| 12:18 | Create | Villager (Male) |
| 12:19 | Create | Villager (Male) |
| 12:20 | Build | Farm |
| 12:20 | Build | Farm |
| 12:20 | Build | Farm |
| 12:35 | Create | Spearman |
| 12:36 | Create | Archer |
| 12:48 | Build | Farm |
| 12:59 | Create | Archer |
| 13:19 | Build | House |
| 13:25 | Build | Blacksmith |
| 13:29 | Create | Villager (Male) |
| 14:04 | Research | Fletching |
| 14:04 | Create | Archer |
| 14:05 | Create | Archer |
| 14:21 | Create | Villager (Male) |
| 14:21 | Create | Villager (Male) |
| 14:22 | Create | Villager (Male) |
| 14:24 | Build | House |
| 14:25 | Build | House |
| 14:30 | Build | Farm |
| 14:30 | Build | Farm |
| 14:31 | Build | Farm |
| 14:31 | Build | Farm |
| 14:31 | Build | Farm |
| 14:31 | Build | Farm |
| 14:37 | Create | Villager (Male) |
| 14:38 | Create | Villager (Male) |
| 14:42 | Create | Archer |
| 15:17 | Build | Farm |
| 15:17 | Build | Farm |
| 15:17 | Build | Farm |
| 15:18 | Build | Farm |
| 15:18 | Build | Farm |
| 15:18 | Build | Farm |
| 15:33 | Build | Farm |
| 15:33 | Create | Villager (Male) |
| 15:58 | Build | Farm |
| 15:58 | Build | Farm |
| 16:14 | Build | Farm |
| 16:22 | Build | Farm |
| 16:46 | Create | Archer |
| 17:06 | Create | Villager (Male) |
| 17:11 | Build | House |
| 17:14 | Build | Palisade Wall |
| 17:21 | Build | Archery Range |
| 17:26 | Create | Archer |
| 17:39 | Research | Castle Age |
| 17:55 | Create | Archer |
| 17:55 | Create | Archer |
| 17:56 | Create | Archer |
| 18:04 | Research | Padded Archer Armor |
| 18:20 | Create | Archer |
| 18:20 | Create | Archer |
| 18:44 | Build | House |
| 18:45 | Build | House |
| 18:46 | Build | House |
| 18:56 | Create | Archer |
| 19:14 | Create | Archer |
| 19:15 | Age | Castle Age |
| 19:17 | Build | Siege Workshop |
| 19:27 | Create | Villager (Male) |
| 19:27 | Create | Villager (Male) |
| 19:27 | Create | Villager (Male) |
| 19:31 | Build | Market |
| 19:44 | Research | Crossbowman (upgrade) |
| 19:55 | Create | Villager (Male) |
| 19:58 | Research | Bow Saw |
| 20:08 | Create | Mangonel |
| 20:12 | Create | Archer |
| 20:18 | Build | House |
| 20:54 | Build | House |
| 21:08 | Create | Mangonel |
| 21:10 | Create | Archer |
| 21:10 | Create | Archer |
| 21:20 | Create | Villager (Male) |
| 21:20 | Create | Villager (Male) |
| 21:20 | Create | Villager (Male) |
| 21:36 | Research | Bodkin Arrow |
| 21:52 | Create | Archer |
| 21:53 | Create | Archer |
| 22:35 | Create | Villager (Male) |
| 22:35 | Create | Villager (Male) |
| 22:35 | Create | Villager (Male) |
| 22:36 | Create | Villager (Male) |
| 23:21 | Create | Villager (Male) |
| 23:21 | Create | Villager (Male) |
| 23:29 | Create | Mangonel |
| 23:31 | Create | Archer |
| 23:31 | Create | Archer |
| 23:31 | Create | Archer |
Build order — the_bisman
First 150 of 236 actions detected
| 0:00 | Create | Villager (Male) |
| 0:01 | Create | Villager (Male) |
| 0:02 | Build | House |
| 0:03 | Build | House |
| 0:17 | Create | Villager (Male) |
| 0:32 | Create | Villager (Male) |
| 1:37 | Create | Villager (Male) |
| 2:01 | Create | Villager (Male) |
| 2:18 | Build | Lumber Camp |
| 2:35 | Create | Villager (Male) |
| 3:00 | Create | Villager (Male) |
| 3:14 | Create | Villager (Male) |
| 3:59 | Build | House |
| 4:08 | Create | Villager (Male) |
| 4:10 | Create | Villager (Male) |
| 4:35 | Build | House |
| 4:38 | Build | Mill |
| 4:48 | Create | Villager (Male) |
| 5:07 | Create | Villager (Male) |
| 5:24 | Create | Villager (Male) |
| 6:17 | Create | Villager (Male) |
| 6:18 | Create | Villager (Male) |
| 6:49 | Research | Loom |
| 7:19 | Research | Feudal Age |
| 8:58 | Create | Villager (Male) |
| 9:08 | Create | Villager (Male) |
| 9:42 | Age | Feudal Age |
| 9:47 | Build | Town Center |
| 9:52 | Research | Double-Bit Axe |
| 9:58 | Research | Horse Collar |
| 10:08 | Create | Villager (Male) |
| 10:19 | Build | Farm |
| 10:29 | Build | Farm |
| 10:34 | Create | Villager (Male) |
| 10:50 | Build | Farm |
| 10:50 | Create | Villager (Male) |
| 11:00 | Create | Villager (Male) |
| 11:17 | Build | Farm |
| 11:17 | Create | Villager (Male) |
| 11:23 | Create | Villager (Male) |
| 11:35 | Create | Villager (Male) |
| 11:39 | Build | House |
| 11:41 | Build | House |
| 11:57 | Build | House |
| 12:05 | Create | Villager (Male) |
| 12:16 | Create | Villager (Male) |
| 12:25 | Build | House |
| 12:27 | Build | House |
| 12:30 | Create | Villager (Male) |
| 12:34 | Build | House |
| 12:38 | Build | House |
| 12:43 | Create | Villager (Male) |
| 13:06 | Create | Villager (Male) |
| 13:07 | Create | Villager (Male) |
| 13:09 | Build | House |
| 13:11 | Create | Villager (Male) |
| 13:11 | Create | Villager (Male) |
| 13:19 | Build | House |
| 13:20 | Build | House |
| 13:33 | Create | Villager (Male) |
| 13:35 | Build | Farm |
| 13:37 | Build | Farm |
| 13:46 | Build | House |
| 13:56 | Build | House |
| 14:03 | Build | House |
| 14:11 | Create | Villager (Male) |
| 14:19 | Build | Farm |
| 14:28 | Create | Villager (Male) |
| 14:34 | Create | Villager (Male) |
| 14:36 | Build | Farm |
| 14:38 | Build | Farm |
| 14:41 | Build | Farm |
| 14:51 | Build | Farm |
| 14:53 | Create | Villager (Male) |
| 15:06 | Create | Villager (Male) |
| 15:14 | Build | Farm |
| 15:15 | Create | Villager (Male) |
| 15:15 | Create | Villager (Male) |
| 15:15 | Create | Villager (Male) |
| 15:35 | Build | Farm |
| 15:41 | Build | Barracks |
| 15:44 | Create | Villager (Male) |
| 15:49 | Create | Villager (Male) |
| 15:56 | Build | Farm |
| 16:01 | Create | Villager (Male) |
| 16:07 | Build | Farm |
| 16:10 | Build | Farm |
| 16:13 | Build | Farm |
| 16:14 | Create | Villager (Male) |
| 16:28 | Build | Lumber Camp |
| 16:34 | Create | Villager (Male) |
| 16:43 | Build | Farm |
| 16:49 | Create | Villager (Male) |
| 16:53 | Create | Villager (Male) |
| 16:53 | Create | Villager (Male) |
| 16:57 | Build | Lumber Camp |
| 17:01 | Create | Villager (Male) |
| 17:13 | Build | Farm |
| 17:34 | Create | Villager (Male) |
| 17:47 | Build | Market |
| 17:53 | Create | Villager (Male) |
| 17:55 | Build | Farm |
| 18:03 | Create | Villager (Male) |
| 18:04 | Create | Villager (Male) |
| 18:09 | Research | Wheelbarrow |
| 18:22 | Build | Farm |
| 18:24 | Create | Villager (Male) |
| 18:33 | Build | Blacksmith |
| 18:39 | Create | Villager (Male) |
| 18:44 | Build | Farm |
| 18:45 | Research | Town Watch |
| 19:11 | Build | Farm |
| 19:24 | Build | Watch Tower |
| 19:30 | Build | Watch Tower |
| 19:36 | Build | Watch Tower |
| 19:42 | Build | Watch Tower |
| 19:54 | Build | Farm |
| 20:04 | Research | Castle Age |
| 20:09 | Build | Stable |
| 20:09 | Build | Stable |
| 20:54 | Research | Fletching |
| 21:20 | Build | Watch Tower |
| 21:23 | Create | Villager (Male) |
| 21:38 | Create | Villager (Male) |
| 21:57 | Create | Villager (Male) |
| 22:18 | Build | Watch Tower |
| 22:24 | Build | Watch Tower |
| 22:28 | Create | Villager (Male) |
| 22:29 | Create | Villager (Male) |
| 22:31 | Build | Stable |
| 22:33 | Research | Scale Barding Armor |
| 22:43 | Build | Siege Workshop |
| 22:44 | Age | Castle Age |
| 22:58 | Research | Forging |
| 23:21 | Create | Mangonel |
| 23:29 | Build | Mill |
| 23:30 | Build | Farm |
| 23:30 | Build | Farm |
| 23:31 | Build | Farm |
| 23:31 | Build | Farm |
| 23:31 | Build | Farm |
| 23:46 | Create | Mangonel |
| 23:47 | Create | Villager (Male) |
| 24:14 | Create | Knight ×5 |
| 24:25 | Create | Villager (Male) |
| 24:43 | Create | Villager (Male) |
| 24:52 | Build | Farm |
| 24:53 | Build | Farm |
| 24:53 | Build | Farm |
| 24:53 | Build | Farm |
Match timeline
| 5:48 | SimCity2000 · wall_segment Palisade Wall x1 |
| 5:48 | SimCity2000 · wall_segment Palisade Wall x1 |
| 8:28 | SimCity2000 · first_building Barracks |
| 8:48 | SimCity2000 · age_up feudal |
| 9:14 | SimCity2000 · first_building Archery Range |
| 9:17 | SimCity2000 · wall_segment Palisade Wall x1 |
| 9:31 | SimCity2000 · wall_segment Palisade Wall x4 |
| 9:42 | the_bisman · age_up feudal |
| 15:41 | the_bisman · first_building Barracks |
| 17:14 | SimCity2000 · wall_segment Palisade Wall x1 |
| 19:15 | SimCity2000 · age_up castle |
| 19:17 | SimCity2000 · first_building Siege Workshop |
| 19:48 | the_bisman · first_market_sell 100 stone |
| 20:07 | SimCity2000 · first_market_sell 100 stone |
| 20:09 | the_bisman · first_building Stable |
| 22:43 | the_bisman · first_building Siege Workshop |
| 22:44 | the_bisman · age_up castle |
| 26:15 | SimCity2000 · first_market_buy 100 wood |
| 27:24 | the_bisman · first_market_buy 100 stone |
| 27:35 | SimCity2000 · first_building Monastery |
| 29:39 | the_bisman · first_building Monastery |
| 32:38 | SimCity2000 · resign |
[ AI ANALYSIS · 1 CREDIT ]
What really happened in this match?
Wolo.gg analyzes every decision: build order, eco, micro, common mistakes by bracket. Personalized analysis on WhatsApp or Discord in 30 seconds.
Civ guide
Malay
Perfil
Jugador #20942421